 Dungeon Crawl Stone Soup version 0.27.1-34-g3ba077fa99 (webtiles) character file.

Game seed: 6415525725232250625

59 cbfl8 the Sneak (level 3, -22/33 HPs)
             Began as a Minotaur Delver on Jan 23, 2022.
             Annihilated by an ogre (32 damage)
             ... on level 4 of the Dungeon.
             The game lasted 00:04:51 (2513 turns).

cbfl8 the Sneak (Minotaur Delver)                   Turns: 2513, Time: 00:04:52

Health: -22/33     AC:  6    Str: 17    XL:     3   Next: 78%
Magic:  2/2        EV: 11    Int:  7    God:
Gold:   159        SH:  0    Dex: 11    Spells: 2/2 levels left

rFire    . . .     SeeInvis +   t - +2 spear (freeze)
rCold    + . .     Faith    .   (no shield)
rNeg     . . .     Spirit   .   m - +0 ring mail {rC+}
rPois    .         Reflect  .   (helmet restricted)
rElec    .         Harm     .   (no cloak)
rCorr    .         Rampage  .   (no gloves)
Will     .....                  v - +0 pair of boots
Stlth    ++........             (no amulet)
HPRegen  0.11/turn              q - ring of see invisible
MPRegen  0.08/turn              (no ring)

@: no status effects
A: horns 2, retaliatory headbutt
a: no special abilities


You were on level 4 of the Dungeon.
You visited 1 branch of the dungeon, and saw 5 of its levels.

You collected 159 gold pieces.

Inventory:

Hand Weapons
 a - a +0 hand axe
 t - a +2 spear of freezing (weapon)
Missiles
 o - a throwing net (quivered)
Armour
 b - a +0 leather armour
 m - a +0 ring mail of cold resistance (worn)
 v - a +0 pair of boots (worn)
Magical Staves
 r - a staff of earth
Jewellery
 q - a ring of see invisible (left hand)
Wands
 g - a wand of digging (3)
Scrolls
 c - a scroll of fog
 d - a scroll of magic mapping
 e - a scroll of fear
 h - a scroll of noise {unknown}
 i - a scroll of blinking {unknown}
 j - 2 scrolls of identify {unknown}
 l - a scroll of torment {unknown}
 n - 2 scrolls of vulnerability {unknown}
Potions
 f - a potion of haste
 k - 2 potions of curing {unknown}
 p - a potion of might {unknown}
 s - a potion of lignification {unknown}
 u - a potion of mutation {unknown}


   Skills:
 + Level 3.9 Fighting
 + Level 2.8(2.9) Axes
 + Level 0.4(1.8) Polearms
 + Level 1.6 Armour
 + Level 2.6 Dodging
 + Level 4.6 Stealth


You had 2 spell levels left.
You didn't know any spells.
Your spell library contained the following spells:

 Spells                   Type           Power      Damage    Failure   Level
 Animate Skeleton         Necr           0%         N/A       63%         1
 Pain                     Necr           0%         1d4       63%         1
 Vampiric Draining        Necr           0%         2d6       94%         3


Dungeon Overview and Level Annotations

Branches:
Dungeon (5/15)
 Temple: D:4-7

Altars:


Innate Abilities, Weirdness & Mutations

You have a pair of horns on your head.
You reflexively headbutt those who attack you in melee.


Message History

You see here 19 stones.
A kobold comes into view. It is wielding a +0 dagger.
The kobold shouts!
The kobold hits you with a +0 dagger.
You puncture the kobold! You freeze the kobold.
You kill the kobold!
Things that are here:
a +0 dagger; a kobold corpse
Found 13 gold pieces.
You now have 140 gold pieces (gained 13).
Things that are here:
a stone; a +0 dagger
There is a stone staircase leading down here.
There is a stone staircase leading down here.
You see here 14 bolts.
Done exploring.
Done exploring.
Done exploring.
Things that are here:
a stone; a +0 dagger
There is a stone staircase leading down here.
You climb downwards.
There is a stone staircase leading up here.
You now have 159 gold pieces (gained 19).
An ogre comes into view. It is wielding a +0 giant club.
An orc comes into view. It is wielding a +2 dagger of venom.
An orc comes into view. It is wielding a +3 war axe.
The orc shouts!
You hear a shout!
An orc and a skeleton come into view.
The ogre shouts!
An orc comes into view. It is wielding a +0 hand axe.
The orc shouts!
You hear an angry hiss.
Your ring mail prevents you from hitting the ogre.
The ogre hits you with a +0 giant club!!
Ouch! That really hurt!
You hit the ogre. You freeze the ogre.
The ogre is moderately wounded.
The ogre hits you with a +0 giant club!!
Ouch! That really hurt!
You die...

..Z #...
#######.Z.. #.#.
#.....#..# #.#.
#####.≈...≈.o# .
#.#.
.......≈.oo..# ##.
#.#.
#.≈...≈....###..
#.#.
#....o.......#
#.#. ###O..#####..
#.#. #@#.# #.#
#.#.
#.#.#####.#####.##
#...............#
###.......#######
#########


You could see an ogre, 4 orcs and a hound skeleton.

Vanquished Creatures
  An adder (D:2)
  A worm (D:3)
  A dart slug (D:1)
  3 bats
  5 endoplasms
  A giant cockroach (D:2)
  7 goblins
  5 hobgoblins
  A quokka (D:2)
  2 ball pythons (D:1)
  7 frilled lizards
  6 kobolds
  5 rats
45 creatures vanquished.

Notes
Turn   | Place    | Note
-------+----------+-------------------------------------------
     0 | D:5      | cbfl8 the Minotaur Delver began the quest for the Orb.
     0 | D:5      | Reached XP level 1. HP: 19/19 MP: 0/0
   353 | D:1      | Reached XP level 2. HP: 27/27 MP: 1/1
  1034 | D:1      | Reached XP level 3. HP: 33/33 MP: 2/2
  1224 | D:2      | Reached skill level 1 in Armour
  1716 | D:2      | Found a faded altar of an unknown god.
  2502 | D:4      | Noticed an ogre
  2513 | D:4      | Annihilated by an ogre

Illustrated notes

Levels and vault maps discovered:
D:1:      dpeg_arrival_oval, layout_loops_ring, minmay_misc_feat_hallway,
          hangedman_decor_push
D:2:      layout_basic, basic_ecumenical_altar
D:3:      layout_rooms
D:4:      layout_basic, serial_shops, shop, chequers_serial_rivers_micro_c,
          uniq_duvessa, uniq_edmund, uniq_grinder, uniq_natasha
D:5:      layout_cave_pods, kennysheep_small_spiral, uniq_eustachio,
          uniq_sigmund

Skill      XL: |  1  2  3 |
---------------+----------+-----
Armour         | 1 |  1.6
Fighting       | |  3.9
Axes           | |  2.8
Polearms       | |  0.4
Dodging        | |  2.6
Stealth        | |  4.6

Action                   || total
-------------------------++-------
Melee: Hand axe          ||    87
       Headbutt          ||    14
       Spear             ||    11
 Stab: Sleeping          ||     4
Armor: Leather armour    ||     8
       Ring mail         ||    31
Dodge: Dodged            ||    57
